[Event "*** SCC Grand Prix: Titled Tuesday Blitz"]
[Site "Chess.com"]
[Date "2020.07.07"]
[Round "7"]
[White "fighter2jz"]
[Black "viditchess"]
[Result "1/2-1/2"]
[WhiteElo "2822"]
[BlackElo "3012"]
[TimeControl "180+1"]
[EndTime "11:20:29 PDT"]
[Termination "Game drawn - insufficient material"]

1. e4 c5 2. Nf3 d6 3. d4 cxd4 4. Nxd4 Nf6 5. Nc3 Nc6 6. Be2 e5 7. Nb3 Be7 8. O-O O-O 9. f4 a5 10. a4 Be6 11. f5 Bxb3 12. cxb3 Nb4 13. Bc4 h6 14. Kh1 Rc8 15. Be3 Qc7 16. Rc1 Qb8 17.
Qf3 Nh7 18. Rcd1 Nf6 19. Rg1 Nh7 20. g4 Bh4 21. Qh3 Bg5 22. Bf2 Qc7 23. Qg3 Qe7 24.
h4 Bf4 25. Qf3 Qf6 26. Ne2 Nc6 27. Nxf4 exf4 28. Qxf4 Qxb2 29. g5 Kh8 30. gxh6 g6 31.
Rxd6 Rce8 32. Rgd1 gxf5 33. Rxc6 Rxe4 34. Qxf5 bxc6 35.
Qxe4 Qxf2 36. Rf1 Qg3 37. Qd4+ f6 38. Be6 Re8 39. Bf5 c5 40. Qf4 Re3 41. Qxg3 Rxg3 42. Bxh7 Kxh7 43. Rxf6 Rxb3 44. Rc6 Rb4 45. Rxc5 Rxh4+ 46.
Kg2 Rxa4 47. Rc6 Rb4 48. Kg3 a4 49. Ra6 Rb3+ 50. Kg4 a3 51. Kg5 Rg3+ 52. Kf5 Rf3+ 53.
Ke5 Rh3 54. Kd4 Rxh6 55. Rxh6+ Kxh6 56. Kc3 Kg5 57. Kb3 Kf4 58. Kxa3 1/2-1/2

[Event "*** SCC Grand Prix: Titled Tuesday Blitz"]
[Site "Chess.com"]
[Date "2020.07.07"]
[Round "7"]
[White "Safar_From_Afar"]
[Black "TimKett"]
[Result "1/2-1/2"]
[WhiteElo "2147"]
[BlackElo "2137"]
[TimeControl "180+1"]
[EndTime "11:20:29 PDT"]
[Termination "Game drawn - insufficient material"]

1. e4 e5 2. Nf3 Nc6 3. Bb5 a6 4. Bxc6 dxc6 5. O-O Bg4 6. h3 Bh5 7. g4 Bg6 8. Nxe5 Qh4 9. Qf3 O-O-O 10. Kg2 f6 11. Nxg6 hxg6 12. d3 Ne7 13. Rh1 g5 14. Be3 Kb8 15. Kf1 Ng6 16. Nd2 Bd6 17. Nc4 Bf4 18. Ke2 Qh7 19. Kd2 Qg8 20. Bxf4 Qxc4 21. Be3 Qb4+ 22. Kc1 Nh4 23. Qe2 c5 24. c3 Qa5 25.
Kc2 Rhe8 26. a3 c4 27. Rad1 Qa4+ 28. Kc1 cxd3 29. Rxd3 Rxd3 30. Qxd3 Qxe4 31. Rd1 Qxd3 32. Rxd3 Kc8 33. Kd2 b6 34. Ke2 Ng6 35. Kf1 c5 36. c4 Kc7 37. b3 Kc6 38. Rd5 Nf4 39. Bxf4 gxf4 40. Rf5 Re4 41. Kg2 b5 42. cxb5+ axb5 43. Kf3 Rd4 44. Rxf4 Rd3+ 45. Ke4 Rxb3 46. Rf3 Rb1 47.
Kf5 b4 48. axb4 cxb4 49. Kg6 b3 50. Kxg7 Kc5 51. h4 Kc4 52. h5 b2 53. Rxf6 Rg1 54.
Rc6+ Kd3 55. Rb6 Rxg4+ 56. Kf7 Kc2 57. h6 Rf4+ 58. Kg7 Rxf2 59. Rxb2+ Kxb2 60. h7 Rh2 61.
h8=Q Rxh8 62. Kxh8 1/2-1/2

[Event "*** SCC Grand Prix: Titled Tuesday Blitz"]
[Site "Chess.com"]
[Date "2020.07.07"]
[Round "7"]
[White "FlamingPhoenix123"]
[Black "FMKonstantin_Twitch"]
[Result "1-0"]
[WhiteElo "2427"]
[BlackElo "2559"]
[TimeControl "180+1"]
[EndTime "11:20:30 PDT"]
[Termination "FlamingPhoenix123 won by resignation"]

1. e4 d5 2. exd5 Qxd5 3. Nc3 Qe6+ 4. Be2 Qg6 5. Bf3 Nc6 6. d4 Bf5 7. Bxc6+ Qxc6 8. Nf3 e5 9. O-O O-O-O 10. Nxe5 Qe8 11. Qf3 Be6 12. Bf4 Nf6 13. Rad1 Nd5 14. Nxd5 Bxd5 15. Qg4+ Be6 16. Qg3 f6 17. Nf3 Qf7 18.
Rfe1 Bd5 19. Nd2 g5 20. Be3 Bd6 21. Qh3+ Kb8 22. b3 f5 23. c4 Be6 24. Bxg5 Rdg8 25.
d5 Bc8 26. Nf3 h6 27. Bh4 f4 28. Re6 Bxe6 29. dxe6 Qf8 30. Re1 Rh7 31. Ne5 Bxe5 32. Rxe5 f3 33. Bg3 h5 34. Rxh5 Rxh5 35. Qxh5 fxg2 36.
Qe5 Qe7 37. Kxg2 Re8 38. h4 Qxe6 39. Qxc7+ Ka8 40. Qf4 Qc6+ 41. Qf3 Qa6 42. h5 Qh6 43. Bf4 Rg8+ 44. Bg3 Rh8 45. Qg4 Qxh5 46. Qxh5 Rxh5 47. Kf3 Rh1 48. Ke4 Ra1 49. Be5 Rxa2 50. f4 Re2+ 51. Kd5 Rf2 52. Ke6 b5 53. c5 Kb7 54. Kd7 Rc2 55. Bd6 a5 56. f5 a4 57. bxa4 bxa4 58. f6 a3 59. f7 Rf2 60. c6+ Kb6 61. f8=Q Rxf8 62. Bxf8 a2 63. Bg7 1-0

[Event "*** SCC Grand Prix: Titled Tuesday Blitz"]
[Site "Chess.com"]
[Date "2020.07.07"]
[Round "7"]
[White "XiaoKangZhong"]
[Black "ammarzooqi"]
[Result "1-0"]
[WhiteElo "2399"]
[BlackElo "2183"]
[TimeControl "180+1"]
[EndTime "11:20:30 PDT"]
[Termination "XiaoKangZhong won by checkmate"]

1. e4 e5 2. Nf3 Nf6 3. Nxe5 d6 4. Nf3 Nxe4 5. Nc3 Nxc3 6. dxc3 Be7 7. Bd3 Be6 8. O-O O-O 9. Be3 Nc6 10. Nd4 Nxd4 11.
Bxd4 Bf6 12. Qf3 Bxd4 13. cxd4 d5 14. Rfe1 c6 15. c3 Qd7 16. h3 Rac8 17. Re5 Rfe8 18. Rae1 c5 19. dxc5 Rxc5 20. Bf5 Rc6 21. Qxd5 Rd6 22. Qb3 g6 23. Bxe6 Rdxe6 24. Rxe6 Rxe6 25. Rxe6 fxe6 26. g3 Kf7 27. Qb4 Qd1+ 28. Kh2 Qd5 29. Qf4+ Kg7 30. c4 Qc6 31. Qe5+ Kf7 32. b3 a6 33. Qb8 Qb6 34. Kg1 Qc6 35. Qh8 h5 36. Qh7+ Kf6 37. Qh8+ Kf7 38. Qd4 Qc7 39. Qf4+ Qxf4 40.
gxf4 Ke7 41. Kg2 Kd6 42. Kf3 Kc5 43. Ke4 Kb4 44. Kd4 Ka3 45. Kc3 a5 46. c5 Kxa2 47. Kc4 Ka3 48. h4 a4 49. bxa4 Kxa4 50. c6 bxc6 51. Kc5 e5 52. fxe5 g5 53. e6 gxh4 54.
e7 h3 55. e8=Q h2 56. Qe1 h4 57. Qh1 Kb3 58. Qxh2 Kc2 59. Qh3 Kd2 60. Qxh4 Ke2 61. f4 Kf3 62. f5 Ke3 63. f6 Kf3 64. f7 Kg2 65. f8=Q Kg1 66. Qff2# 1-0

[Event "*** SCC Grand Prix: Titled Tuesday Blitz"]
[Site "Chess.com"]
[Date "2020.07.07"]
[Round "7"]
[White "WPWPWP-2015"]
[Black "RitvarsReimanis"]
[Result "0-1"]
[WhiteElo "2409"]
[BlackElo "2563"]
[TimeControl "180+1"]
[EndTime "11:20:31 PDT"]
[Termination "RitvarsReimanis won by checkmate"]

1. e4 c5 2. Nf3 Nc6 3. d4 cxd4 4. Nxd4 Nf6 5. Nc3 e5 6. Ndb5 d6 7. Bg5 a6 8. Na3 b5 9. Nd5 Be7 10. Bxf6 Bxf6 11. c3 Bg5 12. Nc2 Rb8 13. h4 Bh6 14.
a4 bxa4 15. Ncb4 Nxb4 16. Nxb4 Bd7 17. Bxa6 Qa5 18. Qxd6 Rb6 19. Qc7 Rxa6 20. Qb8+ Ke7 21. Qxh8 Ra8 22. Qxh7 Qb5 23. g4 Bxg4 24. Nd5+ Kd6 25.
f3 Bxf3 26. Rh2 Qd3 27. Qf5 Qxe4+ 28. Qxe4 Bxe4 29. Nb6 Rb8 30. Nxa4 Bd3 31. Rf2 f6 32. b4 e4 33. Nc5 e3 34. Rg2 Bc4 35. Rd1+ Kc6 36.
Rg4 Bd5 37. Rgd4 Bf3 38. Rd6+ Kb5 39. Ra1 Bf4 40. Rd4 Bg3+ 41. Kf1 e2+ 42. Kg1 e1=Q+ 43. Rxe1 Bxe1 44. Kf1 Bxc3 45. Rd7 Bxb4 46. Ne6 Bc6 47. Nd4+ Kc5 48. Nxc6 Kxc6 49. Rxg7 Rh8 50. Rg4 Be7 51. Kf2 Kd6 52. Kf3 Ke6 53. Ke4 f5+ 54. Kf4 fxg4 55. Kxg4 Rxh4+ 56. Kf3 Ke5 57. Kg2 Kf4 58. Kf1 Kg3 59.
Kg1 Rh2 60. Kf1 Rf2+ 61. Ke1 Kf3 62. Kd1 Re2 63. Kc1 Ke3 64. Kd1 Kd3 65. Kc1 Rd2 66. Kb1 Rc2 67. Ka1 Kc3 68. Kb1 Kb3 69. Ka1 Rc1# 0-1

[Event "*** SCC Grand Prix: Titled Tuesday Blitz"]
[Site "Chess.com"]
[Date "2020.07.07"]
[Round "7"]
[White "Korona_91"]
[Black "chess94cu"]
[Result "1-0"]
[WhiteElo "2480"]
[BlackElo "2591"]
[TimeControl "180+1"]
[EndTime "11:20:33 PDT"]
[Termination "Korona_91 won on time"]

1. e4 e5 2. Nf3 Nc6 3. Bc4 a6 4. O-O Be7 5. c3 Nf6 6. Re1 O-O 7. d4 d6 8. h3 h6 9. Nbd2 Re8 10. Nf1 Bf8 11. Ng3 b5 12. Bb3 Bb7 13. a4 Na5 14.
Bc2 c5 15. axb5 axb5 16. dxc5 dxc5 17. Qxd8 Rexd8 18. Nxe5 Bd6 19. Nf3 Bxg3 20. fxg3 Nc4 21. Rxa8 Rxa8 22. b3 Na3 23. Bxa3 Rxa3 24. e5 Nd5 25. c4 bxc4 26. bxc4 Nb6 27. Rb1 Ra6 28. Bd3 Kf8 29. Kf2 Bc6 30. Ke3 Nd7 31. e6 fxe6 32. Nh4 Ne5 33. Rb8+ Ke7 34. Be2 Ra3+ 35. Kf2 Ra2 36.
Ke3 Rc2 37. Rc8 Rc3+ 38. Kf2 Kd7 39. Rg8 g5 40. Rg7+ Kd6 41. Nf3 Bxf3 42. gxf3 Nxc4 43. Rh7 Ne3 44. Rxh6 Nf5 45. Rh8 Rc2 46. Ke1 Nxg3 47. Bd3 Rh2 48. Rg8 Ke5 49. Rxg5+ Kf4 50. Rxc5 Kxf3 51. Re5 Rxh3 52. Rxe6 Rh2 53. Bb5 Kf4 54. Kd1 Ne4 55. Bc6 Nc3+ 56. Kc1 Ne2+ 57. Kd1 Nd4 58. Rf6+ Ke5 59. Rg6 Rb2 60. Rg5+ 1-0

[Event "*** SCC Grand Prix: Titled Tuesday Blitz"]
[Site "Chess.com"]
[Date "2020.07.07"]
[Round "7"]
[White "eljanov"]
[Black "VishnuPrasanna"]
[Result "0-1"]
[WhiteElo "2871"]
[BlackElo "2762"]
[TimeControl "180+1"]
[EndTime "11:20:34 PDT"]
[Termination "VishnuPrasanna won on time"]

1. e4 c5 2. Nf3 d6 3. Bb5+ Nd7 4. Ba4 Nf6 5. O-O a6 6. c4 g6 7. Nc3 Bg7 8. d3 O-O 9. Rb1 Ne8 10. Be3 Nc7 11. d4 Ne6 12. d5 Nc7 13. Qc1 b5 14.
cxb5 axb5 15. Bxb5 Nxb5 16. Nxb5 Rxa2 17. Nc3 Ra8 18. Bh6 Ba6 19. Re1 Bd3 20. Bxg7 Kxg7 21. Ra1 Qb6 22. e5 dxe5 23. Nxe5 Nxe5 24. Rxe5 Qd6 25. Rxa8 Qxe5 26. Rxf8 Kxf8 27. h3 Bc4 28. Qe3 Qd4 29. g4 f6 30. Kg2 Bxd5+ 31. Nxd5 Qxd5+ 32. f3 c4 33. Qc3 Kf7 34. Kf2 h5 35. Ke3 h4 36.
Qd4 Qb5 37. Kd2 Qc6 38. Qe3 g5 39. Kc3 Qb5 40. Kc2 Qa4+ 41. Kd2 Qb4+ 42. Kc2 e5 43. Qe4 Ke6 44. Qf5+ Ke7 45. Qh7+ Kd6 46. Qf5 Qb3+ 47. Kc1 Qe3+ 48. Kc2 Qf4 49. Qc8 Qxf3 50. Qd8+ Kc5 51.
Qa5+ Kd4 52. Qb6+ Ke4 53. Qc6+ Kf4 54. Qxf6+ Ke4 55. Qxg5 Qd3+ 56. Kc1 Qxh3 57. Qf5+ Kd4 58. Qd7+ Ke4 59. Qf5+ Kd4 60. Qd7+ Ke3 61. Kc2 Qf1 62. Qd2+ Ke4 63. g5 Qd3+ 0-1

[Event "*** SCC Grand Prix: Titled Tuesday Blitz"]
[Site "Chess.com"]
[Date "2020.07.07"]
[Round "7"]
[White "djano"]
[Black "Carnivoras"]
[Result "0-1"]
[WhiteElo "2460"]
[BlackElo "2604"]
[TimeControl "180+1"]
[EndTime "11:20:34 PDT"]
[Termination "Carnivoras won by checkmate"]

1. d4 d5 2. Bf4 Nf6 3. Nf3 Bf5 4. e3 e6 5. c4 Bd6 6. Nc3 Bxf4 7. exf4 O-O 8. Qb3 Qc8 9. Rc1 c6 10. Be2 Nbd7 11.
O-O dxc4 12. Bxc4 Nb6 13. Be2 Bg4 14. Ne5 Bxe2 15. Nxe2 Nbd5 16. g3 Qc7 17. Rfd1 Qb6 18. Qc2 Rad8 19. Nc3 g6 20. Na4 Qc7 21. Nc5 Kg7 22. a3 Nb6 23. a4 a6 24. Qb3 Rb8 25. Nxf7 Qxf7 26. Qxb6 Nd5 27. Qb3 Kg8 28. Re1 Rfe8 29.
Rc2 Re7 30. Rce2 Rbe8 31. Qf3 Qf6 32. Qe4 Qf7 33. a5 Nf6 34. Qf3 Nd5 35. h4 Qf6 36. Qe4 Kg7 37. Qe5 Kf7 38. Ne4 Qxe5 39. dxe5 Kg7 40. Nd6 Rf8 41. Re4 Rb8 42. Rc1 Rd7 43. Kg2 Re7 44. Rcc4 Rc7 45. Ra4 Re7 46. Ra3 Rc7 47.
Rb3 Re7 48. Kf3 Rc7 49. g4 Rd7 50. Kg3 Rc7 51. f5 gxf5 52. gxf5 exf5 53. Nxf5+ Kf7 54. Nd6+ Ke6 55. f4 Rg7+ 56. Kh3 b5 57. axb6 Rbg8 58. f5+ Kd7 59. b7 Rg1 60. Kh2 R8g2+ 61. Kh3 Rg8 62. e6+ Ke7 63. b8=Q Rh1# 0-1

[Event "*** SCC Grand Prix: Titled Tuesday Blitz"]
[Site "Chess.com"]
[Date "2020.07.07"]
[Round "7"]
[White "FabianoCaruana"]
[Black "Andreikka"]
[Result "1-0"]
[WhiteElo "2993"]
[BlackElo "2916"]
[TimeControl "180+1"]
[EndTime "11:20:35 PDT"]
[Termination "FabianoCaruana won on time"]

1. d4 Nf6 2. c4 e6 3. Nc3 Bb4 4. e3 O-O 5. Bd3 d5 6. Nf3 c5 7. O-O dxc4 8. Bxc4 Bd7 9. Qe2 Bc6 10. Rd1 Nbd7 11. a3 Bxc3 12. bxc3 Qc7 13. Ba2 Rfe8 14. Bb2 Rac8 15. c4 cxd4 16. exd4 Nb6 17. Rac1 Qf4 18.
Ne5 Red8 19. f3 Ba4 20. Rd2 Nbd7 21. Nd3 Qf5 22. Nf2 Qa5 23. Bb1 Bc6 24. Bd3 Re8 25.
Rdd1 Ba4 26. Re1 Bc6 27. Qe3 Qc7 28. Bc3 b6 29. Qg5 h6 30. Qh4 Qd6 31. Bb4 Qb8 32.
Rc2 a5 33. Bc3 Qd6 34. Bb2 Bb7 35. Rec1 Bc6 36. Qg3 Qf8 37. Re1 Ba4 38. Rce2 Bc6 39. h3 Nh5 40. Qh4 Nhf6 41. Ng4 Qd6 42. Bb1 Nxg4 43. hxg4 Qf4 44. Qf2 Ba4 45. Bd3 Nf6 46.
Bc1 Qd6 47. g5 hxg5 48. Bxg5 Rcd8 49. Bxf6 gxf6 50. Re4 f5 51. Rh4 Kf8 52. Qe3 Ke7 53. d5 Qc5 54. Qxc5+ bxc5 55. Bxf5 Kd6 56. dxe6 fxe6 57.
Rh6 Bd7 58. Bg4 Rb8 59. Rd1+ Kc7 60. Rh7 Rbd8 61. f4 Kc6 62. Bf3+ Kc7 63. Kf2 Rf8 64. Ke3 Rh8 65. Rdxd7+ 1-0

[Event "*** SCC Grand Prix: Titled Tuesday Blitz"]
[Site "Chess.com"]
[Date "2020.07.07"]
[Round "7"]
[White "realmadridtv"]
[Black "gui_borba"]
[Result "0-1"]
[WhiteElo "2455"]
[BlackElo "2357"]
[TimeControl "180+1"]
[EndTime "11:20:35 PDT"]
[Termination "gui_borba won by checkmate"]

1. d4 Nf6 2. c4 e6 3. g3 c5 4. d5 exd5 5. cxd5 d6 6. Bg2 g6 7. Nc3 Bg7 8. Nf3 O-O 9. O-O Re8 10. Re1 Ne4 11. Nxe4 Rxe4 12. Qc2 Rb4 13. a3 Rb6 14. Nd2 Nd7 15. Nc4 Ra6 16. Bf4 Qe7 17. a4 Ne5 18.
Bxe5 Bxe5 19. Nxe5 Qxe5 20. e4 Rb6 21. Re2 Bg4 22.
f3 Bd7 23. Rd1 Rb4 24. f4 Qe8 25. Qc3 Bg4 26. Bf3 Bxf3 27. Qxf3 Qxa4 28. Rde1 Rb3 29. Qg4 Re8 30. h4 Qd4+ 31. Kh2 Rxb2 32. Rxb2 Qxb2+ 33. Re2 Qd4 34. e5 Qxd5 35. h5 dxe5 36. h6 e4 37. Qh4 Qd4 38. Kh3 Qd1 39. Qf6 Qd4 40. Qg5 e3 41. f5 Qd7 42. g4 Qd4 43. fxg6 fxg6 44. Qh4 Qf4 45. Kg2 g5 46. Qh5 Re4 47. Kg1 Qxg4+ 48. Qxg4 Rxg4+ 49. Kh2 Re4 50. Kg3 Kf7 51.
Kf3 Re5 52. Rc2 Kg6 53. Ke2 Kxh6 54. Rb2 b6 55. Ra2 a5 56. Rb2 Re6 57. Rc2 Kg6 58. Rc4 h5 59. Re4 Rxe4 60. Kf3 e2 61. Kxe4 e1=Q+ 62. Kf3 Kf5 63. Kg2 Kg4 64. Kh2 Qd2+ 65. Kg1 Kg3 66. Kh1 Qd1# 0-1

[Event "*** SCC Grand Prix: Titled Tuesday Blitz"]
[Site "Chess.com"]
[Date "2020.07.07"]
[Round "7"]
[White "Siniauski"]
[Black "Cxrjs"]
[Result "1-0"]
[WhiteElo "2461"]
[BlackElo "2281"]
[TimeControl "180+1"]
[EndTime "11:20:35 PDT"]
[Termination "Siniauski won on time"]

1. e4 e5 2. Nf3 Nc6 3. Bb5 a6 4. Ba4 Nf6 5. O-O Be7 6. Re1 b5 7. Bb3 d6 8. c3 O-O 9. h3 Bb7 10. d4 Re8 11. Ng5 Rf8 12. Nf3 Re8 13. Nbd2 Bf8 14.
d5 Nb8 15. Nf1 Nbd7 16. Ng3 c6 17. dxc6 Bxc6 18. Nf5 Nc5 19. Bd5 Bxd5 20. exd5 e4 21. N3d4 Nd3 22. Bg5 Nxe1 23. Qxe1 h6 24. Bh4 g5 25.
Bg3 Nxd5 26. Rd1 Qf6 27. Bh2 Rac8 28. a3 Rc5 29. g4 Nf4 30. Qe3 Qe5 31. Kh1 Rcc8 32.
Ne2 Qc5 33. Nxf4 Qxe3 34. fxe3 gxf4 35. Bxf4 Re6 36. Rd5 Rc5 37. Rd4 Rc6 38. Kg2 Kh7 39.
Ng3 Kg6 40. h4 f5 41. gxf5+ Kf6 42. fxe6 Kxe6 43. Nxe4 d5 44. Ng3 Bc5 45. Rd3 Rc8 46.
Kf3 Rg8 47. Rd1 h5 48. Nxh5 Rh8 49. Ng3 Kf6 50. Rh1 Be7 51. h5 a5 52. h6 b4 53.
axb4 axb4 54. Rh5 bxc3 55. bxc3 Kg6 56. Rxd5 Bf6 57. Rd6 Kf7 58. Ra6 Bxc3 59. Ne4 Bb2 60. h7 1-0

[Event "*** SCC Grand Prix: Titled Tuesday Blitz"]
[Site "Chess.com"]
[Date "2020.07.07"]
[Round "7"]
[White "AttilaTurzo"]
[Black "Veiso"]
[Result "1-0"]
[WhiteElo "2510"]
[BlackElo "2375"]
[TimeControl "180+1"]
[EndTime "11:20:36 PDT"]
[Termination "AttilaTurzo won on time"]

1. e4 c5 2. Nf3 d6 3. d4 cxd4 4. Nxd4 Nf6 5. Nc3 a6 6. Bg5 e6 7. f4 Be7 8. Qf3 h6 9. Bh4 Qc7 10. O-O-O Nbd7 11. g4 g5 12. fxg5 Ne5 13. Qg3 Nfxg4 14.
gxh6 Bxh4 15. Qxh4 Qe7 16. Qxe7+ Kxe7 17. Re1 Rxh6 18.
h3 Nf6 19. h4 b5 20. a3 Bb7 21. Bd3 Rah8 22. b4 Rxh4 23. Rxh4 Rxh4 24. Kb2 Rh2 25. Kb3 Rh3 26. Bf1 Rg3 27. Kb2 Rg4 28. Bd3 Nxd3+ 29.
cxd3 d5 30. Nb3 Rg2+ 31. Kb1 dxe4 32. dxe4 Nd7 33. a4 bxa4 34. Nxa4 Ne5 35. Nac5 Bc8 36.
Na5 Rd2 37. Nab3 Rd6 38. Rf1 Rb6 39. Kc2 Rxb4 40. Kc3 Rb6 41. Ra1 Nd7 42. Nd3 Bb7 43.
Nd2 Rc6+ 44. Kd4 Rd6+ 45. Ke3 Rb6 46. Ra5 Rb5 47. Ra1 Nb6 48. Rg1 a5 49. Kd4 a4 50.
Nc5 Rb4+ 51. Kc3 Rb5 52. Kd4 Rb4+ 53. Kc3 Rb5 54. Nd3 Bc6 55. Nc4 Rh5 56. Nxb6 Bb5 57. e5 Rh3 58. Nc4 Bxc4 59. Kxc4 a3 60. Ra1 Rh4+ 61.
Kc3 1-0

[Event "*** SCC Grand Prix: Titled Tuesday Blitz"]
[Site "Chess.com"]
[Date "2020.07.07"]
[Round "7"]
[White "chessplayer9919"]
[Black "Thee-Chessboy"]
[Result "0-1"]
[WhiteElo "2654"]
[BlackElo "2546"]
[TimeControl "180+1"]
[EndTime "11:20:41 PDT"]
[Termination "Thee-Chessboy won by resignation"]

1. d4 Nf6 2. c4 g6 3. Nc3 Bg7 4.
e4 d6 5. f4 O-O 6. Nf3 Bg4 7.
Be2 Nfd7 8. Be3 e5 9. fxe5 dxe5 10. d5 Qe7 11. O-O a5 12. Nb5 Nc5 13. d6 cxd6 14. Qxd6 Qxd6 15. Nxd6 Nba6 16. h3 Bxf3 17. gxf3 Rfd8 18.
Rfd1 b6 19. Nb5 Nb4 20. Bf2 Nc2 21. Rac1 Nd4 22. Kf1 Rac8 23. b3 Nce6 24. Nxd4 Nxd4 25. Bxd4 exd4 26. f4 Bh6 27. Bg4 Rc5 28. Rd3 Bxf4 29.
Rcd1 Be5 30. a3 Rc6 31. Ke2 h5 32. Bf3 Kg7 33. R3d2 a4 34. Rb1 axb3 35. Rxb3 Rdd6 36. Kd3 Rf6 37. Be2 Bd6 38. Kxd4 Bc5+ 39. Kc3 Rce6 40. Bd3 Rf3 41. Kc2 Rxh3 42. Rb5 Bxa3 43. Be2 Bc5 44. Bd3 h4 45. Re2 Re5 46. Rb3 Rh1 47. Rd2 h3 48. Rb1 Rxb1 49. Kxb1 Rg5 50. Rh2 Rg3 51. Bc2 Bg1 52.
Rh1 h2 53. Kb2 Kf6 54. Ba4 Ke5 55. Bc6 f6 56. Be8 g5 57. Kc2 g4 58. Kd2 Ra3 59. Ke2 g3 60. Kf1 Ra2 61. Rxg1 hxg1=Q+ 62. Kxg1 Kf4 63. Bc6 g2 64. Bd5 Kg3 0-1

[Event "*** SCC Grand Prix: Titled Tuesday Blitz"]
[Site "Chess.com"]
[Date "2020.07.07"]
[Round "7"]
[White "Bigfish1995"]
[Black "Matibar"]
[Result "0-1"]
[WhiteElo "3033"]
[BlackElo "2761"]
[TimeControl "180+1"]
[EndTime "11:20:42 PDT"]
[Termination "Matibar won by resignation"]

1. f4 g6 2. e4 Bg7 3. d4 d5 4. e5 c5 5. dxc5 Nc6 6. c3 f6 7.
exf6 Nxf6 8. Nf3 O-O 9. Be2 Nh5 10. g3 Nf6 11. Be3 Ng4 12. Bd4 e5 13. Nxe5 Ngxe5 14. fxe5 Nxe5 15. Na3 Bh3 16. Qd2 Bg2 17. Bxe5 Bxh1 18.
Bd6 Rf7 19. O-O-O Be4 20. Bg4 Qf6 21. Nb5 h5 22. Be2 Kh7 23. Bf4 Rd8 24. Nd6 Rff8 25. Nxb7 Rde8 26. Nd6 Re6 27. h4 Qe7 28. Bb5 Bf3 29.
Rg1 Bg4 30. Bd3 Qc7 31. Qf2 Qa5 32. Kb1 Bxc3 33. bxc3 Rb8+ 34. Nb5 Rxb5+ 35. Bxb5 Qxb5+ 36. Qb2 Bf5+ 37. Ka1 Qe8 38. Rc1 Re2 39. Qb7+ Re7 40.
Qxd5 Re2 41. c6 Be6 42. Qd6 Rxa2+ 43. Kb1 Re2 44. Rd1 Bf5+ 45. Kc1 Rc2+ 46. Kb1 Rd2+ 47. Kc1 Rxd6 48. Rxd6 Qe1+ 49. Kb2 Qf2+ 50. Ka3 Qc5+ 51. Kb3 Qb5+ 52. Ka3 a5 53. c7 Qc5+ 54. Kb3 Qxc7 55. c4 Qb7+ 56. Kc3 Qb4+ 57. Kd4 a4 58. Ra6 a3 59. Ra7+ Kg8 60. Ra8+ Kf7 61. Ra7+ Ke8 62. Ra8+ Kd7 63. Ra7+ Kc6 64. Ra8 Qb2+ 65. Ke3 a2 66.
Rc8+ Bxc8 0-1

[Event "*** SCC Grand Prix: Titled Tuesday Blitz"]
[Site "Chess.com"]
[Date "2020.07.07"]
[Round "7"]
[White "BlackBoarder"]
[Black "WIDBIFS"]
[Result "1-0"]
[WhiteElo "2605"]
[BlackElo "2781"]
[TimeControl "180+1"]
[EndTime "11:20:44 PDT"]
[Termination "BlackBoarder won on time"]

1. e4 g6 2. d4 Bg7 3. Nc3 c6 4.
h3 d6 5. Nf3 Nf6 6. Be2 O-O 7.
O-O Nbd7 8. a4 Qc7 9. Re1 e5 10. Be3 Re8 11. dxe5 Nxe5 12. Nxe5 dxe5 13. a5 Be6 14. b3 b5 15. Qc1 Nd7 16. a6 Bf8 17. Rd1 Rad8 18. Qb2 f6 19. Bg4 Bxg4 20. hxg4 Nc5 21. b4 Ne6 22. Qb3 Qf7 23. Na2 Nd4 24. Qxf7+ Kxf7 25. c3 Nc2 26. Rac1 Nxe3 27. fxe3 c5 28.
Kf2 c4 29. Ke2 Ke6 30. Rh1 Rd7 31. Rcd1 Red8 32. Rxd7 Rxd7 33. Nc1 Bd6 34. Kf3 Bc7 35. Ke2 Bb6 36. Re1 h5 37. gxh5 gxh5 38. Rh1 Rg7 39. Kf3 Rg5 40. Ne2 Kf7 41. Rd1 Ke6 42. Rd5 Rg8 43.
Rxb5 Rd8 44. Rd5 Rxd5 45. exd5+ Kxd5 46. Ng3 h4 47. Nf5 e4+ 48. Ke2 Bc7 49. Nxh4 Be5 50.
Kd2 Kc6 51. Ng6 Bd6 52. Nf4 Kb5 53. Nd5 Be5 54. Ne7 Kxa6 55. g4 Kb5 56. Ng6 Bd6 57. Nf4 a5 58. bxa5 Kxa5 59. Nh3 Kb5 60. g5 f5 61. g6 Bf8 62. Nf4 Kc6 63. Nh5 1-0

[Event "*** SCC Grand Prix: Titled Tuesday Blitz"]
[Site "Chess.com"]
[Date "2020.07.07"]
[Round "7"]
[White "2nd_life"]
[Black "timator"]
[Result "1-0"]
[WhiteElo "2492"]
[BlackElo "2618"]
[TimeControl "180+1"]
[EndTime "11:20:45 PDT"]
[Termination "2nd_life won by resignation"]

1. e4 e5 2. f4 d6 3. Nf3 Nc6 4. Bb5 Nf6 5. Nc3 Be7 6. fxe5 dxe5 7. Nxe5 O-O 8. Bxc6 Qd6 9. d4 bxc6 10. Bf4 Qe6 11. O-O Ba6 12. Re1 Rad8 13. Nf3 Rd7 14. Bg5 Rb8 15. b3 Bb4 16. Bd2 Re8 17. e5 Ng4 18. Ne4 Be7 19. h3 Nh6 20. Bxh6 Qxh6 21. Qc1 Qe6 22. Qf4 h6 23. c3 Bd3 24. Rad1 Bxe4 25.
Qxe4 a5 26. c4 Red8 27. Kh1 Bb4 28. Rf1 a4 29. Rc1 Ra8 30. Qf4 axb3 31. axb3 Ra3 32. Qe3 Rd8 33. Ra1 Rda8 34. Rxa3 Rxa3 35. Qd3 Ra5 36.
Rd1 Ra8 37. d5 Qd7 38. e6 fxe6 39. Ne5 Qd6 40. Nxc6 e5 41. Qe4 Re8 42. Nxb4 Qxb4 43. Rd3 Qd6 44. Kh2 Rf8 45. Rf3 Rb8 46. Rg3 Rf8 47.
Rg6 Qe7 48. c5 Rf4 49. Qe3 Rf6 50. Rxf6 Qxf6 51. Qe4 Kf7 52. b4 Ke7 53. b5 Kd7 54.
c6+ Kd8 55. b6 cxb6 56. Qb4 Kc7 57. Qb5 Qf4+ 58. Kh1 Qc1+ 59. Kh2 Qf4+ 60. Kg1 e4 61. Qa6 Qe3+ 62. Kh2 Qf4+ 63. Kg1 Qc1+ 64. Kf2 Qf4+ 65. Ke2 Kd6 66. Qxb6 Kxd5 67. c7 Qg5 68. Qb5+ Kd4 69.
Qxg5 hxg5 70. c8=Q 1-0

[Event "*** SCC Grand Prix: Titled Tuesday Blitz"]
[Site "Chess.com"]
[Date "2020.07.07"]
[Round "7"]
[White "Msb2"]
[Black "Eltaj_Safarli"]
[Result "0-1"]
[WhiteElo "2859"]
[BlackElo "2941"]
[TimeControl "180+1"]
[EndTime "11:20:48 PDT"]
[Termination "Eltaj_Safarli won on time"]

1. d4 Nf6 2. c4 g6 3. Nc3 d5 4. cxd5 Nxd5 5. e4 Nxc3 6. bxc3 Bg7 7. Bc4 c5 8. Ne2 Nc6 9. Be3 O-O 10. Rc1 Na5 11. Bd3 b6 12. h4 e5 13. Qd2 h5 14.
Bg5 Qd7 15. Bh6 Bb7 16. Bxg7 Kxg7 17. Qg5 f6 18. Qe3 exd4 19. cxd4 cxd4 20. Qg3 Rac8 21. O-O Qg4 22. Qxg4 hxg4 23. Nxd4 Rfe8 24. Nb5 Rxc1 25. Rxc1 Re7 26. Nxa7 Bxe4 27. Nc8 Re5 28. Bxe4 Rxe4 29. Nxb6 Kh6 30. Nd5 f5 31. g3 Nc4 32. Kg2 Rd4 33.
Nf4 Ne5 34. Rc8 Rd1 35. Ne6 Kh7 36. Rc7+ Kg8 37. Rc8+ Kf7 38. Ng5+ Ke7 39. a4 Ra1 40. Ra8 Ra2 41. a5 Nd3 42. a6 Nxf2 43. Kf1 Nd3 44. a7 f4 45. gxf4 Ra1+ 46. Kg2 Nxf4+ 47. Kg3 Nd5 48. Rh8 Ra3+ 49. Kxg4 Nf6+ 50. Kf4 Rxa7 51. Nf3 Ra5 52. Kg3 Nh5+ 53. Kg4 Kf6 54. Rf8+ Kg7 55. Rb8 Ra4+ 56. Kg5 Ra5+ 57. Kg4 Ra3 58. Rb7+ Kh6 59. Rf7 Rb3 60. Kh3 Ng7 61. Kg4 Rb4+ 62. Kh3 Nf5 63. Rf8 Rf4 64. Ne5 Rxh4+ 65. Kg2 Re4 66. Nf7+ Kg7 67. Ng5 Rg4+ 68. Kf3 Rxg5 0-1

[Event "*** SCC Grand Prix: Titled Tuesday Blitz"]
[Site "Chess.com"]
[Date "2020.07.07"]
[Round "7"]
[White "SaqoChess_Twitch"]
[Black "Fins0905"]
[Result "0-1"]
[WhiteElo "2443"]
[BlackElo "2632"]
[TimeControl "180+1"]
[EndTime "11:20:49 PDT"]
[Termination "Fins0905 won by resignation"]

1. d4 d5 2. c4 c6 3. e3 Bf5 4. Nc3 e6 5. Bd3 Bg6 6. Nf3 Nd7 7. O-O Ngf6 8. Ne5 Nxe5 9. dxe5 Nd7 10. f4 Nc5 11. Bxg6 hxg6 12. cxd5 cxd5 13. b4 Nd7 14. a3 Be7 15. e4 Rc8 16. Bb2 Nb6 17. exd5 exd5 18.
Qd3 Nc4 19. Bc1 Qb6+ 20. Kh1 d4 21. Ne2 O-O 22. Qxd4 Qa6 23. Qd3 Rfd8 24. Qf3 Nb6 25. h3 Rd3 26. Qf2 Nd5 27. Ng3 Qc6 28. f5 gxf5 29.
Nxf5 Bf8 30. Nd4 Qg6 31. Nf3 Rb3 32. Nh4 Qh5 33. Bg5 Rcc3 34. Rad1 Rxh3+ 35. gxh3 Rxh3+ 36. Kg1 Qg4+ 37. Ng2 Qh5 38. Qxf7+ Qxf7 39. Rxf7 Kxf7 40. Rxd5 Rxa3 41. Rd7+ Ke6 42. Rxb7 Kf5 43. Bd2 Kxe5 44. b5 Ke4 45. Kf1 Kf3 46. Ne1+ Ke4 47. Rf7 Bc5 48. Rxg7 Ra2 49. Rg4+ Kd5 50. Rg2 Rb2 51. Rg5+ Kc4 52. Rg4+ Kxb5 53. Rg2 a5 54. Ke2 a4 55. Nd3 Rc2 56. Rg5 a3 57. Kd1 Rc4 58. Be3 a2 59. Bd4 Rxd4 60. Rxc5+ Ka4 61. Rc1 Rxd3+ 62. Kc2 Rb3 63. Ra1 Ka3 64. Rc1 Rb8 65. Rh1 Rc8+ 66. Kd2 Kb2 67. Rh7 Rb8 68. Ra7 a1=Q 69. Rc7 Qa2 70. Rc2+ Ka3 0-1